 Dungeon Crawl Stone Soup version 0.26-a0-1079-g3a4175ecf3 (webtiles) character file.

Game seed: 2225532101857471173

18825 Conn the Arsonist (level 12, -8/61 HPs)
             Began as a Deep Elf Fire Elementalist on Dec 14, 2020.
             Was an Elder of Vehumet.
             Mangled by Donald
             ... wielding a +2 demon trident of electrocution
              (36 damage)
             ... on level 2 of the Orcish Mines.
             The game lasted 00:45:36 (14791 turns).

Conn the Arsonist (Deep Elf Fire Elementalist)     Turns: 14791, Time: 00:45:36

Health: -8/61      AC:  8    Str: 11    XL:     12   Next: 31%
Magic:  1/29       EV: 15    Int: 35    God:    Vehumet [****..]
Gold:   1345       SH:  5    Dex: 15    Spells: 1/34 levels left

rFire    + + .     SeeInvis .   a - +1 long sword (vorpal)
rCold    . . .     Faith    .   w - +0 buckler
rNeg     . . .     Spirit   .   s - +2 robe {Archmagi}
rPois    .         Reflect  .   U - +2 hat {Int+3}
rElec    +         Harm     .   C - +1 cloak
rCorr    .         Rampage  .   (no gloves)
Will     +....                  (no boots)
Stlth    ++........             (no amulet)
HPRegen  0.20/turn              I - ring of Brilliance {rElec rF++ Str+6}
MPRegen  0.21/turn              Q - +6 ring of intelligence

@: very slow
A: no striking features
a: Renounce Religion


You were on level 2 of the Orcish Mines.
You worshipped Vehumet.
Vehumet was greatly pleased with you.
You visited 3 branches of the dungeon, and saw 14 of its levels.

You collected 1345 gold pieces.

Inventory:

Hand Weapons
 a - a +1 vorpal long sword (weapon)
 p - a +1 short sword of draining
 T - the +10 mace "Etiugaf" {vorpal, +Fly rElec rC- Int+2}
   (You found it on level 11 of the Dungeon)

   It inflicts extra damage upon your enemies.
   It affects your intelligence (+2).
   It makes you vulnerable to cold.
   It insulates you from electricity.
   It lets you fly.
Missiles
 e - 44 poisoned darts
 q - 5 datura-tipped darts (quivered)
Armour
 s - a +2 robe of the Archmagi (worn)
 u - the +0 leather armour "Doqahouh" {Harm *Slow rElec rPois rN+}
   (You found it on level 4 of the Dungeon)

   It insulates you from electricity.
   It protects you from poison.
   It protects you from negative energy.
   It may slow you when you take damage.
   It increases damage dealt and taken.
 w - a +0 buckler (worn)
 C - a +1 cloak (worn)
 O - a +0 robe of resistance
 U - a +2 hat of intelligence (worn)
Jewellery
 l - an uncursed ring of magical power
 F - an uncursed ring of see invisible
 I - the ring of Brilliance (left hand) {rElec rF++ Str+6}
   (You found it on level 7 of the Dungeon)

   [ring of strength]

   It affects your strength (+6).
   It greatly protects you from fire.
   It insulates you from electricity.
 J - an uncursed ring of protection from cold
 Q - a +6 ring of intelligence (right hand)
Wands
 y - a wand of random effects (27)
 B - a wand of polymorph (3)
 M - a wand of paralysis (29)
 V - a wand of disintegration (13)
Scrolls
 b - a scroll of fear
 f - 4 scrolls of remove curse
 g - 16 scrolls of identify {unknown}
 i - 2 scrolls of immolation {unknown}
 j - 4 scrolls of teleportation
 r - 2 scrolls of noise {unknown}
 t - 4 scrolls of enchant weapon
 v - 2 scrolls of magic mapping {unknown}
 A - 2 scrolls of amnesia {unknown}
 H - a scroll of random uselessness {unknown}
 K - a scroll of fog {unknown}
 L - a scroll of acquirement {unknown}
 N - a scroll of brand weapon {unknown}
Potions
 d - 2 potions of flight {unknown}
 h - 2 potions of might
 m - 4 potions of brilliance
 n - a potion of ambrosia {unknown}
 o - 6 potions of curing
 x - 3 potions of magic {unknown}
 z - a potion of cancellation {unknown}
 D - 3 potions of haste {unknown}
 E - a potion of degeneration {unknown}
 G - 2 potions of lignification
 R - a potion of heal wounds
Miscellaneous
 S - a phial of floods (inert)


   Skills:
 + Level 1.5 Fighting
 + Level 2.1 Short Blades
 + Level 0.1 Maces & Flails
 + Level 0.1 Throwing
 + Level 5.1 Dodging
 + Level 5.5 Stealth
 * Level 6.0 Shields
 + Level 11.8 Spellcasting
 * Level 11.7 Conjurations
 * Level 12.0 Fire Magic
 + Level 4.2 Ice Magic


You had one spell level left.
You knew the following spells:

 Your Spells              Type           Power        Failure   Level
a - Foxfire               Conj/Fire      ####         0%          1
b - Conjure Flame         Conj/Fire      ########     1%          3
c - Inner Flame           Hex/Fire       #######.     1%          3
d - Sticky Flame          Conj/Fire      ########     1%          4
e - Freeze                Ice            ####         1%          1
f - Searing Ray           Conj           ######       1%          2
g - Stone Arrow           Conj/Erth      ######       1%          3
h - Fireball              Conj/Fire      ########..   1%          5
i - Iskenderun's Battles  Conj           ########     1%          5
j - Starburst             Conj/Fire      ########..   1%          6

Your spell library contained the following spells:

 Spells                   Type           Power        Failure   Level
 Shock                    Conj/Air       ####         1%          1
 Static Discharge         Conj/Air       #######.     1%          3
 Lightning Bolt           Conj/Air       #######...   1%          5
 Swiftness                Air            ####....     3%          2
 Airstrike                Air            ####......   5%          4


Dungeon Overview and Level Annotations

Branches:
Dungeon (11/15)            Temple (0/1) D:7            Lair (1/6) D:9
    Orc (2/2) D:11
    Elf: Orc:2

Altars:
Ashenzari
Elyvilon
Fedhas
Makhleb
Nemelex Xobeh
Okawaru
Vehumet
Xom
Yredelemnul
The Shining One

Shops:
D:8 }

Annotations:
Lair:1 Morbidden's ghost, journeyman PaFi
Orc:2 Donald


Message History

The orc shouts!
You hear a shout! x3; You hear a howl!
You hear a shout! x2
Okay, then.
Unknown command.
Casting: Fireball (safe; 1% risk of failure)
Confirm with . or Enter, or press ? or * to list all spells.
Aiming: Searing Ray (safe; 1% risk of failure)
Press: ? - help, Shift-Dir - straight line, f/p - Donald
Aim: Donald, wielding a +2 demon trident of electrocution, wearing a +0 chain mail and wearing a +0 kite shield of reflection (severely wounded, fast, strong, 10% to evade)
You feel a surge of power!
The searing ray hits Donald!
Donald is almost dead. (Press . to maintain the ray.)
An orc wizard comes into view. It is wielding a +0 dagger.
The searing ray hits Donald but does no damage.
Donald is almost dead.
Donald hits you from afar with a +2 demon trident of electrocution!!
Unknown command.
The searing ray misses Donald.
Donald hits you from afar with a +2 demon trident of electrocution!!!
Ouch! That really hurt!
You die...

......####...<.@..
.......###.......
.......##.......#
...........<#.##
.....o.[...####
###..........
##.#....)....#
#.≈<@........
#o@≈.........
....o.≈≈.........
≈≈≈≈≈≈≈≈≈≈≈≈≈....
############≈....
≈.... .#.# ....


You could see Donald (fast, strong), an orc wizard and 2 orcs.

Vanquished Creatures
  Gastronok (Orc:1)
  A centaur warrior (D:11)
  A hydra (Lair:1)
  2 two-headed ogres
  Erica (D:8)
  Pikel (D:5)
  A wolf spider zombie (D:8)
  4 centaur zombies
  Maurice (Orc:1)
  A gargoyle (D:10)
  Maggie (D:6)
  A cane toad (Lair:1)
  A komodo dragon (Lair:1)
  The ghost of PentaManta the Cudgeller, an amateur OgBe of Trog (D:4)
  2 hellwings (D:8)
  3 trolls
  2 polar bears (Lair:1)
  A meliai zombie (D:8)
  2 spriggans (Lair:1)
  A wyvern (D:11)
  4 yaks
  Grum (D:9)
  Eustachio (D:5)
  A water moccasin (Lair:1)
  16 orc warriors
  2 sky beasts
  3 phantoms
  5 necrophages (D:7)
  A black bear (D:11)
  3 centaurs
  6 ogres
  8 wolves
  Blork the orc (D:5)
  A big kobold (D:10)
  8 bullfrogs
  6 scorpions
  A wyvern skeleton (D:8)
  3 wights (D:9)
  An electric eel (Orc:2)
  2 howler monkeys
  A bullfrog zombie (D:7)
  3 jellies
  3 bullfrog skeletons
  16 orc wizards
  Crazy Yiuf (D:5)
  11 orc priests
  7 hounds
  2 centaur skeletons
  2 iguanas
  7 worker ants
  3 hound zombies
  A howler monkey skeleton (D:5)
  18 adders
  6 shadow imps
  A white imp (D:8)
  4 ufetubi
  2 oozes
  An adder zombie (D:7)
  2 adder skeletons (D:4)
  4 worms
  2 dart slugs (D:1)
  5 leopard geckos
  53 orcs
  3 ball pythons
  6 bats
  10 giant cockroaches
  14 goblins
  15 hobgoblins
  21 jackals
  17 kobolds
  5 quokkas
  6 frilled lizards
  2 jackal skeletons
  A leopard gecko skeleton (D:5)
  2 quokka skeletons
  6 rats
  A bush (D:7)
367 creatures vanquished.

Vanquished Creatures (collateral kills)
  A quokka skeleton (D:5)
  6 foxfires (D:5)
7 creatures vanquished.

Vanquished Creatures (others)
  857 foxfires
  4 fungi (Lair:1)
  15 plants
  2 withered plants (D:8)
878 creatures vanquished.

Grand Total: 1252 creatures vanquished

Notes
Turn   | Place    | Note
-------+----------+-------------------------------------------
     0 | D:1      | Conn the Deep Elf Fire Elementalist began the quest for the
                  | Orb.
     0 | D:1      | Reached XP level 1. HP: 10/10 MP: 6/6
   219 | D:1      | Reached XP level 2. HP: 14/15 MP: 1/8
   586 | D:1      | Reached XP level 3. HP: 13/19 MP: 1/10
   593 | D:1      | Reached skill level 4 in Fire Magic
   720 | D:1      | Learned a level 3 spell: Conjure Flame
   724 | D:1      | Learned a level 3 spell: Inner Flame
  1421 | D:2      | Reached XP level 4. HP: 24/24 MP: 5/11
  1547 | D:2      | Found a radiant altar of Vehumet.
  1555 | D:2      | Became a worshipper of Vehumet
  1735 | D:2      | Learned a level 4 spell: Sticky Flame
  2171 | D:2      | Found a burning altar of Makhleb.
  2233 | D:3      | Reached XP level 5. HP: 28/28 MP: 13/13
  2286 | D:3      | Reached * piety under Vehumet
  2286 | D:3      | Offered knowledge of Freeze by Vehumet.
  2289 | D:3      | Learned a level 1 spell: Freeze
  2320 | D:3      | Noticed an ogre
  2381 | D:3      | HP: 1/28 [orc/+0 short sword (6)]
  2394 | D:3      | Killed an ogre
  2921 | D:3      | Reached XP level 6. HP: 32/32 MP: 15/15
  3432 | D:2      | Found a shimmering altar of Xom.
  3483 | D:4      | Reached skill level 5 in Spellcasting
  3483 | D:4      | Reached skill level 5 in Fire Magic
  3483 | D:4      | Reached skill level 1 in Ice Magic
  3619 | D:4      | Got a faintly humming leather armour
  3630 | D:4      | Identified the cursed +0 leather armour "Doqahouh" {Harm
                  | *Slow rElec rPois rN+} (You found it on level 4 of the
                  | Dungeon)
  3772 | D:4      | Reached XP level 7. HP: 37/37 MP: 16/16
  4009 | D:4      | Found a basalt altar of Yredelemnul.
  4152 | D:4      | Found an iron altar of Okawaru.
  4376 | D:4      | Found a runed translucent gate.
  4376 | D:4      | Found a runed translucent gate.
  4376 | D:4      | Found a runed translucent gate.
  4376 | D:4      | Noticed PentaManta's ghost (amateur OgBe)
  4405 | D:4      | Killed PentaManta's ghost
  4406 | D:4      | Reached skill level 6 in Fire Magic
  4829 | D:4      | Found a white marble altar of Elyvilon.
  4906 | D:5      | Entered Level 5 of the Dungeon
  4933 | D:5      | Noticed Pikel
  4985 | D:5      | Reached skill level 5 in Conjurations
  5006 | D:5      | Offered knowledge of Searing Ray by Vehumet.
  5013 | D:5      | Reached skill level 1 in Shields
  5013 | D:5      | Reached XP level 8. HP: 41/42 MP: 13/18
  5019 | D:5      | Reached ** piety under Vehumet
  5024 | D:5      | Noticed Blork the orc
  5098 | D:4      | Learned a level 2 spell: Searing Ray
  5126 | D:5      | Noticed Eustachio
  5136 | D:5      | Killed Eustachio
  5702 | D:5      | Killed Blork the orc
  5724 | D:5      | Killed Pikel
  5725 | D:5      | Reached skill level 1 in Short Blades
  5725 | D:5      | Reached skill level 7 in Fire Magic
  5920 | D:5      | Found a runed translucent door.
  5921 | D:5      | Noticed Crazy Yiuf
  5929 | D:5      | Killed Crazy Yiuf
  6058 | D:6      | Noticed Maggie
  6070 | D:6      | Killed Maggie
  6071 | D:6      | Reached XP level 9. HP: 35/46 MP: 20/21
  6184 | D:6      | Offered knowledge of Stone Arrow by Vehumet.
  6192 | D:6      | Learned a level 3 spell: Stone Arrow
  6198 | D:6      | Learned a level 5 spell: Fireball
  6439 | D:6      | Reached *** piety under Vehumet
  6463 | D:6      | Reached skill level 8 in Fire Magic
  6671 | D:7      | Found a staircase to the Ecumenical Temple.
  6824 | D:7      | Got a heavily runed copper ring
  6826 | D:7      | Identified the ring of Brilliance {rElec rF++ Str+6} (You
                  | found it on level 7 of the Dungeon)
  6852 | D:7      | Offered knowledge of Frozen Ramparts by Vehumet.
  7067 | D:7      | Found a glowing golden altar of the Shining One.
  7276 | D:7      | Found a broken altar of Ashenzari.
  7508 | D:7      | Found a blossoming altar of Fedhas.
  7898 | D:7      | Reached **** piety under Vehumet
  8089 | D:8      | Noticed Erica
  8224 | D:8      | Killed Erica
  8224 | D:8      | Offered knowledge of Iskenderun's Battlesphere by Vehumet.
  8225 | D:8      | Reached skill level 9 in Fire Magic
  8225 | D:8      | Reached XP level 10. HP: 40/51 MP: 17/24
  8429 | D:8      | Found a sparkling altar of Nemelex Xobeh.
  8891 | D:8      | Noticed a two-headed ogre
  8897 | D:8      | Killed a two-headed ogre
  8960 | D:8      | Reached skill level 1 in Fighting
  9145 | D:8      | Reached skill level 10 in Fire Magic
  9312 | D:8      | Found Keago's Gadget Boutique.
  9781 | D:9      | Noticed a two-headed ogre
  9784 | D:9      | Killed a two-headed ogre
  9785 | D:9      | Reached skill level 10 in Spellcasting
  9865 | D:9      | Reached XP level 11. HP: 56/56 MP: 27/27
 10169 | D:9      | Noticed Grum
 10178 | D:9      | Killed Grum
 10179 | D:9      | Reached skill level 5 in Shields
 10382 | D:9      | Reached skill level 10 in Conjurations
 10588 | D:9      | Learned a level 5 spell: Iskenderun's Battlesphere
 10678 | D:9      | Found a staircase to the Lair.
 10851 | D:10     | Entered Level 10 of the Dungeon
 11872 | D:11     | Reached ***** piety under Vehumet
 11889 | D:11     | Offered knowledge of Starburst by Vehumet.
 12155 | D:11     | Found a shimmering altar of Xom.
 12162 | D:11     | Got an encrusted mace
 12163 | D:11     | Identified the +10 mace "Etiugaf" {vorpal, +Fly rElec rC-
                  | Int+2} (You found it on level 11 of the Dungeon)
 12213 | D:11     | Reached skill level 11 in Fire Magic
 12358 | D:11     | Found a staircase to the Orcish Mines.
 12431 | D:11     | Found a shimmering altar of Xom.
 12431 | D:11     | Found a shimmering altar of Xom.
 12433 | D:11     | Found a shimmering altar of Xom.
 12433 | D:11     | Found a shimmering altar of Xom.
 12433 | D:11     | Found a shimmering altar of Xom.
 12438 | D:11     | Found a shimmering altar of Xom.
 12446 | D:11     | Noticed a centaur warrior
 12451 | D:11     | Killed a centaur warrior
 12644 | D:11     | Found a shimmering altar of Xom.
 12755 | Lair:1   | Entered Level 1 of the Lair of Beasts
 13026 | Lair:1   | Found a runed translucent door.
 13029 | Lair:1   | Identified the +8 trident "Faemy" {antimagic, +Blink rElec
                  | Will-}
 13031 | Lair:1   | Noticed Morbidden's ghost (journeyman PaFi)
 13058 | Lair:1   | Noticed a four-headed hydra
 13062 | Lair:1   | Reached skill level 5 in Stealth
 13064 | Lair:1   | Killed a four-headed hydra
 13065 | Lair:1   | Reached skill level 5 in Dodging
 13187 | Lair:1   | Reached XP level 12. HP: 41/61 MP: 4/29
 13310 | D:9      | Learned a level 6 spell: Starburst
 13442 | Orc:1    | Entered Level 1 of the Orcish Mines
 13469 | Orc:1    | Noticed Gastronok
 13755 | Orc:1    | Killed Gastronok
 14166 | Orc:1    | Noticed Maurice
 14169 | Orc:1    | Killed Maurice
 14170 | Orc:1    | Reached skill level 12 in Fire Magic
 14357 | Orc:2    | Entered Level 2 of the Orcish Mines
 14357 | Orc:2    | Noticed Donald
 14791 | Orc:2    | Mangled by Donald

Illustrated notes

Levels and vault maps discovered:
D:1:      heliophobic_arrival_dark_side_of_the_moon, layout_basic, serial_glass,
          glass_columns_c, glass_columns_c
D:2:      layout_rooms, nicolae_overflow_hidden_temple, vehumet_crystals,
          minivault_27, minmay_close_crescents
D:3:      layout_basic, serial_glass, glass_columns_c, glass_columns_b
D:4:      layout_layer_cave, kennysheep_ying_yang, kennysheep_little_box,
          gammafunk_ghost_necromancy
D:5:      corexii_shack_village, layout_cave_pools, uniq_eustachio,
          uniq_blork_the_orc, uniq_pikel, uniq_crazy_yiuf_cottage
D:6:      layout_rooms, uniq_maggie
D:7:      layout_loops_ring, kennysheep_mini, fedhas_altar_decomposition,
          overflow_temple_1_default, minmay_temple_entry_large_hall
D:8:      cheibrodos_grave_circle, layout_basic, marbit_many_paths,
          serial_shops, shop, uniq_erica
D:9:      layout_basic, lair_entry_dummy, nicolae_straight_to_the_point,
          uniq_grum
D:10:     layout_rooms, minmay_misc_feat_encased
D:11:     layout_cave_pools, david_orc_4, minmay_misc_feat_room,
          xom_shifter_show
Lair:1:   layout_gridlike, ebering_ghost_funeral_grove, special_room
          [special_room_bee]
Orc:1:    layout_caves, uniq_gastronok, uniq_maurice
Orc:2:    kennysheep_orc_mage_school, layout_diamond_mine, nooodl_orcs_dogs,
          uniq_donald, uniq_urug

Skill      XL: |  1  2  3  4  5  6  7  8  9 10 11 12 |
---------------+-------------------------------------+-----
Fire Magic     | 4 5 6 7 9 10 11 12 | 12.0
Stealth        | 3 4 5 |  5.5
Conjurations   | 2 3 4 5 6 8 9 11 | 11.7
Spellcasting   | 4 5 7 8 10 11 | 11.8
Ice Magic      | 2 4 |  4.2
Dodging        | 3 4 5 |  5.1
Shields        | 1 2 3 4 5 6 |  6.0
Short Blades   | 1 2 |  2.1
Fighting       | 1 |  1.5
Maces & Flails | |  0.1
Throwing       | |  0.1

Action                   |  1- 3 |  4- 6 |  7- 9 | 10-12 || total
-------------------------+-------+-------+-------+-------++-------
Melee: Unarmed           |     3 |       |       |       ||     3
       Short sword       |     5 |    18 |    39 |    19 ||    81
       Mace              |       |       |       |     8 ||     8
Throw: Dart              |       |     2 |     1 |       ||     3
 Cast: Foxfire           |    63 |   116 |   212 |   110 ||   501
       Sticky Flame      |       |       |    15 |    36 ||    51
       Conjure Flame     |       |       |     5 |     1 ||     6
       Freeze            |       |       |     7 |       ||     7
       Searing Ray       |       |       |    10 |     4 ||    14
       Fireball          |       |       |     3 |    90 ||    93
       Iskenderun's Batt |       |       |       |     3 ||     3
Evoke: Phial of floods   |       |       |       |     1 ||     1
  Use: Potion            |       |     2 |     2 |     2 ||     6
       Scroll            |       |     2 |     1 |     3 ||     6
 Stab: Fleeing           |       |     1 |       |       ||     1
       Sleeping          |       |       |     3 |     3 ||     6
Armor: Robe              |     7 |     9 |    40 |    37 ||    93
       Skin              |       |       |     2 |       ||     2
Dodge: Dodged            |    15 |    49 |    98 |   129 ||   291
Block: Buckler           |       |       |       |     2 ||     2

Table legend: (Time is in decaauts)
 A = Elapsed time spent in this place.
 B = Non-inter-level travel time spent in this place.
 C = Inter-level travel time spent in this place.
 D = Time resting spent in this place.
 E = Time spent auto-exploring this place.
 F = Levels seen in this place.
 G = Mean time per level.
                   A        B        C        D        E       F      G
               +--------+--------+--------+--------+--------+-----+--------+
         Total |  14820 |  14304 |    516 |   2629 |   7739 |  14 | 1058.6 |
       Dungeon |  13230 |  12715 |    515 |   1946 |   7343 |  11 | 1202.7 |
          Lair |    477 |    477 |      0 |    310 |     34 |   1 |  477.0 |
  Orcish Mines |   1113 |   1113 |      0 |    373 |    362 |   2 |  556.5 |
               +--------+--------+--------+--------+--------+-----+--------+

Top non-repeatable levels by time:
     D:4: 1569 daAuts
     D:8: 1486 daAuts
     D:7: 1480 daAuts
     D:9: 1400 daAuts
     D:1: 1299 daAuts
    D:11: 1256 daAuts
     D:3: 1214 daAuts
   Orc:1: 1090 daAuts
     D:5: 1020 daAuts
     D:2: 941 daAuts
    D:10: 934 daAuts
     D:6: 625 daAuts
  Lair:1: 477 daAuts
   Orc:2: 22 daAuts
